 Dungeon Crawl Stone Soup version 0.32-a0-871-ge202e49faa (webtiles) character file.

Game seed: 15703143480692006169

815 zyxw121 the Carver (level 7, -22/52 HPs)
             Began as a Human Fighter on Mar 29, 2024.
             Annihilated by a +5 glaive of the Guard {elec, spectral} (25 damage)
             ... created by an orc
             ... on level 5 of the Dungeon.
             The game lasted 00:08:48 (3840 turns).

zyxw121 the Carver (Human Fighter)                  Turns: 3840, Time: 00:08:48

Health: -22/52     AC: 10    Str: 16    XL:     7   Next: 94%
Magic:  7/7        EV:  6    Int:  9    God:
Gold:   176        SH:  4    Dex: 14    Spells: 6/6 levels left

rFire   . . .        a - +0 long sword
rCold   . . .        c - +0 buckler
rNeg    . . .        j - +1 chain mail of the Farmer {rElec}
rPois   .            (no helmet)
rElec   +            (no cloak)
rCorr   .            (no gloves)
SInv    .            (no boots)
Will    .....        (no amulet) Stlth
                     (no ring)
HPRegen 0.28/turn    (no ring)
MPRegen 0.10/turn

%: no passive effects
@: no status effects
A: explore regen
a: no special abilities


You were on level 5 of the Dungeon.
You visited 1 branch of the dungeon, and saw 5 of its levels.

You collected 176 gold pieces.

Inventory:

Hand Weapons
 a - a +0 long sword (weapon)
Missiles
 r - 4 poisoned darts (quivered)
Armour
 b - a +0 scale mail
 c - a +0 buckler (worn)
 d - a +2 tower shield
 j - the +1 chain mail of the Farmer (worn) {rElec}
   (You found it on level 2 of the Dungeon)

   rElec:     It insulates you from electricity.
 k - a +0 helmet
Wands
 o - a wand of polymorph (8)
Scrolls
 e - a scroll of blinking {unknown}
 g - 2 scrolls of fear {unknown}
 l - 2 scrolls of immolation {unknown}
 m - 7 scrolls of identify {unknown}
 n - a scroll of fog {unknown}
 q - a scroll of amnesia {unknown}
 s - a scroll of revelation {unknown}
 t - a scroll of vulnerability {unknown}
Potions
 f - 2 potions of curing
 i - a potion of degeneration {unknown}
 p - a potion of brilliance {unknown}
 u - a potion of berserk rage


   Skills:
 - Level 3.0 Fighting
 * Level 8.9 Long Blades
 - Level 3.0 Armour
 - Level 3.0 Shields


You had 6 spell levels left.
You didn't know any spells.
Your spell library contained the following spells:

 Spells                   Type           Power      Damage    Failure   Level
 Teleport Other           Tloc           0%         N/A       100%        3
 Dispersal                Tloc           0%         N/A       100%        6
 Gell's Gavotte           Tloc           0%         2d(11-16) 100%        6


Dungeon Overview and Level Annotations

Branches:
Dungeon (5/15)
 Temple: D:4-7

Altars:
Ashenzari
Cheibriados
Nemelex Xobeh

Shops:
D:1 ?   D:3 *[   D:4 :*[(=


Innate Abilities, Weirdness & Mutations

You regain HP and MP as you explore.


Message History

The poisoned dart hits the orc.
The orc is poisoned.
The orc hits you from afar with a +0 trident!
You throw a poisoned dart.
The poisoned dart closely misses the orc.
The poisoned dart barely misses the orc.
The orc hits you from afar with a +0 trident.
You are too injured to fight recklessly!
The orc attacks as it pursues you! The orc hits you but does no damage.
The orc hits you but does no damage.
You barely miss the orc. You block the orc's attack.
You hit the orc but do no damage. The orc closely misses you.
You slash the orc!
You kill the orc!
You hit the orc.
The orc is heavily wounded.
The orc hits you with a +0 short sword.
You slash the orc!
You kill the orc!
The orc looks more healthy.
You barely miss the orc. The orc barely misses you.
You slash the orc!
You kill the orc!
You closely miss the orc. The orc barely misses you.
You barely miss the orc. The orc hits you but does no damage.
The orc hits you from afar with the +5 glaive of the Guard.
You hit the orc.
You kill the orc!
You block the orc's attack.
The +5 glaive of the Guard {elec, spectral} hits you!
* * * LOW HITPOINT WARNING * * *
A +5 glaive of the Guard {elec, spectral} comes into view.
You closely miss the +5 glaive of the Guard {elec, spectral}.
The orc barely misses you.
You block the +5 glaive of the Guard {elec, spectral}'s attack.
Unknown command.
You closely miss the +5 glaive of the Guard {elec, spectral}.
The orc hits you from afar with the +5 glaive of the Guard!
* * * LOW HITPOINT WARNING * * *
The +5 glaive of the Guard {elec, spectral} hits you!!
You die...

..####... ....)(.#
......# o....#
....# .(. #######
#o# ......# #(#
#####.# #@#
....#.# ####.#
###.#.#######....#
............+....#
###.#.#######....#
#.#............#
#.#....#.......#
#.#....###.....#
#.#............#


You could see a +5 glaive of the Guard {elec, spectral} and an orc.

Vanquished Creatures
  Sigmund (D:2)
  2 black bears (D:4)
  An orc priest (D:5)
  3 hounds
  A sleepcap (D:4)
  Ijyb (D:2)
  3 iguanas
  3 orc wizards
  2 adders
  4 gnolls
  2 ribbon worms
  2 dart slugs
  11 orcs
  3 ball pythons
  2 endoplasms
  5 giant cockroaches
  6 goblins
  8 hobgoblins
  3 jackals (D:3)
  4 quokkas
  6 bats
  3 frilled lizards
  14 kobolds
  2 rats (D:1)
92 creatures vanquished.

Notes
Turn   | Place    | Note
-------+----------+-------------------------------------------
     0 | D:1      | zyxw121 the Human Fighter began the quest for the Orb.
     0 | D:1      | Reached XP level 1. HP: 18/18 MP: 1/1
   101 | D:1      | Reached XP level 2. HP: 24/24 MP: 2/2
   209 | D:1      | Reached skill level 3 in Long Blades
   303 | D:1      | Reached XP level 3. HP: 26/29 MP: 3/3
   586 | D:1      | Found Okys's Magic Scroll Boutique.
   770 | D:2      | Identified the +1 chain mail of the Farmer {rElec}
   989 | D:2      | Reached skill level 4 in Long Blades
   992 | D:2      | Noticed Sigmund
  1000 | D:2      | Killed Sigmund
  1001 | D:2      | Reached skill level 5 in Long Blades
  1001 | D:2      | Reached XP level 4. HP: 26/35 MP: 4/4
  1001 | D:2      | Reached XP level 5. HP: 31/41 MP: 5/5
  1423 | D:3      | Reached skill level 6 in Long Blades
  1451 | D:3      | Reached XP level 6. HP: 44/47 MP: 6/6
  1726 | D:3      | Found Det Feiv's Armour Shoppe.
  1774 | D:3      | Found a sparkling altar of Nemelex Xobeh.
  1861 | D:3      | Noticed Ijyb
  1944 | D:2      | Killed Ijyb
  2054 | D:3      | Found a snail-covered altar of Cheibriados.
  2197 | D:3      | Found Veyxef's General Store.
  2459 | D:4      | Noticed a black bear
  2581 | D:4      | Found Pumn's Weapon Emporium.
  2712 | D:3      | Reached skill level 7 in Long Blades
  2928 | D:4      | Reached XP level 7. HP: 47/52 MP: 7/7
  3075 | D:4      | Found Mogryrim's Book Emporium.
  3093 | D:4      | Reached skill level 8 in Long Blades
  3261 | D:4      | Found Vaatos's Armour Shoppe.
  3293 | D:4      | Found a broken altar of Ashenzari.
  3326 | D:4      | Found Lucuyn's Jewellery Shop.
  3464 | D:4      | Found Niex Gan's General Store.
  3532 | D:5      | Entered Level 5 of the Dungeon
  3840 | D:5      | Annihilated by a +5 glaive of the Guard {elec, spectral}

Illustrated notes

Levels and vault maps discovered:
D:1:      grunt_arrival_lava_bath, layout_loops_ring, serial_shops,
          nicolae_shop_back_alley_shop
D:2:      layout_basic, uniq_sigmund
D:3:      layout_basic, cheibriados_altar_1, nemelex_diamond_rough_becter,
          serial_shops, shop_fountains, nicolae_shop_back_alley_shop,
          cheibrodos_gnoll_hut, uniq_ijyb
D:4:      layout_cave_pools, mainiacjoe_overflow_alcove_2, serial_shops,
          nicolae_shop_scrapyard, shop, kennysheep_mini_moat,
          nicolae_book_shop_shelving, nicolae_lakefront_shop
D:5:      layout_basic, nicolae_wu_jian_immortal_techniques,
          corexii_item_surrounded_by_moat

Skill      XL: |  1  2  3  4  5  6  7 |
---------------+----------------------+-----
Long Blades    | 3 5 6 7 8 |  8.9
Fighting       | |  3.0
Armour         | |  3.0
Shields        | |  3.0

Action                     |  1- 3 |  4- 6 |  7- 9 || total
---------------------------+-------+-------+-------++-------
  Melee: Long sword        |   127 |   147 |    97 ||   371
         Unarmed           |       |     2 |       ||     2
  Throw: Dart              |       |       |    14 ||    14
    Use: Potion            |     1 |     3 |     1 ||     5
 Armour: Scale mail        |    83 |       |       ||    83
         Chain mail        |    21 |   170 |   119 ||   310
         Skin              |       |    23 |       ||    23
  Dodge: Dodged            |    68 |    56 |    36 ||   160
  Block: Buckler           |    38 |    43 |    23 ||   104

Table legend: (Time is in decaauts)
 A = Elapsed time spent in this place.
 B = Non-inter-level travel time spent in this place.
 C = Inter-level travel time spent in this place.
 D = Time resting spent in this place.
 E = Time spent auto-exploring this place.
 F = Levels seen in this place.
 G = Mean time per level.
                   A        B        C        D        E       F      G
               +--------+--------+--------+--------+--------+-----+--------+
         Total |   3903 |   3677 |    226 |    638 |   1977 |   5 |  780.6 |
       Dungeon |   3903 |   3677 |    226 |    638 |   1977 |   5 |  780.6 |
               +--------+--------+--------+--------+--------+-----+--------+

Top non-repeatable levels by time:
     D:4: 1188 daAuts
     D:3: 1005 daAuts
     D:2: 833 daAuts
     D:1: 697 daAuts
     D:5: 177 daAuts
